HSSL
RANDALL HS RAIDERS @ BISHOP VEROT HS
05/06/2030
 
TOP OF THE 1ST
Randall HS Raiders batting - Pitching for Bishop Verot HS : RHP Mathieu Hallé
Pitching: RHP Mathieu Hallé
Batting: RHB Tony Burhoe 0-0: Ball
1-0: Foul Ball, location: 2F
1-1: Ball
2-1: Foul Ball, location: 2F
2-2: Ball
3-2: Foul Ball, location: 2F
3-2: SINGLE (Flyball, 8RS)
Batting: LHB En-guo Wang 0-0: Foul Ball, location: 2F
0-1: Grounds into double play, 4-6-3 (Groundball, 4)
Batting: RHB John Zhu 0-0: Ball
1-0: Ball
2-0: Ball
3-0: Base on Balls
Batting: RHB Michael Brown 0-0: Ball
1-0: Ball
2-0: Ground out 5-3 (Groundball, 56)
Top of the 1st over - 0 runs, 1 hit, 0 errors, 1 left on base; Randall HS 0 - Bishop Verot HS 0
BOTTOM OF THE 1ST
Bishop Verot HS batting - Pitching for Randall HS Raiders : RHP Ronald Baker
Pitching: RHP Ronald Baker
Batting: RHB Rafael Sánchez 0-0: Called Strike
0-1: Ball
1-1: Foul Ball, location: 2F
1-2: Foul Ball, location: 2F
1-2: Foul Ball, location: 2F
1-2: Strikes out looking
Batting: LHB Fred Peters 0-0: Ball
1-0: SINGLE (Groundball, 4MD)
Batting: RHB Mike Harris 0-0: Ball
1-0: Ball
2-0: Called Strike
2-1: Fly out, F7 (Flyball, 7LMF)
Batting: RHB Martin Davis Pickoff Throw to First - Error! E1
Fred Peters to second
0-0: Called Strike
0-1: Ball
1-1: Ball
2-1: Fly out, F9 (Flyball, 89M)
Bottom of the 1st over - 0 runs, 1 hit, 1 error, 1 left on base; Randall HS 0 - Bishop Verot HS 0
TOP OF THE 2ND
Randall HS Raiders batting - Pitching for Bishop Verot HS : RHP Mathieu Hallé
Batting: SHB Keith Ryan 0-0: Ball
1-0: SINGLE (Line Drive, 5D)
Batting: RHB Brody Sexton 0-0: SINGLE (Flyball, 8LS)
Keith Ryan to second
Batting: LHB Kade Clark 0-0: Ball
1-0: Foul Ball, location: 2F
1-1: Called Strike
1-2: Grounds into double play, 5-4-3 (Groundball, 56)
Keith Ryan to third
Batting: LHB Robert Wright 0-0: Ball
1-0: Ball
2-0: Fly out, F8 (Flyball, 8LM)
Top of the 2nd over - 0 runs, 2 hits, 0 errors, 1 left on base; Randall HS 0 - Bishop Verot HS 0
BOTTOM OF THE 2ND
Bishop Verot HS batting - Pitching for Randall HS Raiders : RHP Ronald Baker
Batting: LHB Mario Rodríguez 0-0: Foul Ball, location: 2F
0-1: Ball
1-1: Ground out 1-3 (Groundball, P)
Batting: RHB Jorge Franco 0-0: Fly out, F6 (Line Drive, 6)
Batting: RHB Frank Rangel 0-0: Fly out, F8 (Flyball, 78M)
Bottom of the 2nd over - 0 runs, 0 hits, 0 errors, 0 left on base; Randall HS 0 - Bishop Verot HS 0
TOP OF THE 3RD
Randall HS Raiders batting - Pitching for Bishop Verot HS : RHP Mathieu Hallé
Batting: RHB Luis Sánchez 0-0: Fly out, F7 (Flyball, 7D)
Batting: RHB Tony Burhoe 0-0: Called Strike
0-1: DOUBLE (Flyball, 8RD)
Batting: LHB En-guo Wang 0-0: Foul Ball, location: 2F
0-1: Foul Ball, location: 2F
0-2: Foul Ball, location: 2F
0-2: Ball
1-2: SINGLE (Line Drive, 89M)
Tony Burhoe to third
Batting: RHB John Zhu 0-0: Called Strike
0-1: Ball
1-1: Ball
2-1: Foul Ball, location: 2F
2-2: Foul Ball, location: 2F
2-2: Strikes out swinging
Batting: RHB Michael Brown 0-0: Called Strike
0-1: Foul Ball, location: 2F
0-2: Strikes out swinging
Top of the 3rd over - 0 runs, 2 hits, 0 errors, 2 left on base; Randall HS 0 - Bishop Verot HS 0
BOTTOM OF THE 3RD
Bishop Verot HS batting - Pitching for Randall HS Raiders : RHP Ronald Baker
Batting: SHB Scott Warren 0-0: Ball
1-0: Ball
2-0: SINGLE (Groundball, 3) (infield hit)
Batting: RHB José Mejía 0-0: DOUBLE (Flyball, 78D)
Scott Warren to third
Runner from 3rd tries for Home, SAFE, no throw
Batting: RHB Rafael Sánchez 0-0: Ball
1-0: Ground out U3 (Groundball, 3)
José Mejía to third
Batting: LHB Fred Peters 0-0: Called Strike
0-1: Called Strike
0-2: Ball
1-2: Ball
2-2: SINGLE (Line Drive, 78S)
José Mejía scores
Batting: RHB Mike Harris 0-0: 2-RUN HOME RUN (Flyball, 7D), Distance : 392 ft
Batting: RHB Martin Davis 0-0: Called Strike
0-1: Ball
1-1: Called Strike
1-2: Ball
2-2: Foul Ball, location: 2F
2-2: Ball
3-2: Foul Ball, location: 2F
3-2: Foul Ball, location: 2F
3-2: Foul Ball, location: 2F
3-2: Foul Ball, location: 2F
3-2: Base on Balls
Batting: LHB Mario Rodríguez 0-0: Ball
1-0: Ball
2-0: Called Strike
2-1: Ball
3-1: Fly out, F7 (Flyball, 78S)
Batting: RHB Jorge Franco 0-0: Swinging Strike
0-1: Swinging Strike
0-2: Strikes out swinging
Bottom of the 3rd over - 4 runs, 4 hits, 0 errors, 1 left on base; Randall HS 0 - Bishop Verot HS 4
TOP OF THE 4TH
Randall HS Raiders batting - Pitching for Bishop Verot HS : RHP Mathieu Hallé
Batting: SHB Keith Ryan 0-0: Called Strike
0-1: Ground out 4-3 (Groundball, 4)
Batting: RHB Brody Sexton 0-0: Called Strike
0-1: Ball
1-1: Swinging Strike
1-2: Strikes out swinging
Batting: LHB Kade Clark 0-0: Swinging Strike
0-1: Foul Ball, location: 2F
0-2: Ball
1-2: Ball
2-2: Ball
3-2: Foul Ball, location: 2F
3-2: Strikes out swinging
Top of the 4th over - 0 runs, 0 hits, 0 errors, 0 left on base; Randall HS 0 - Bishop Verot HS 4
BOTTOM OF THE 4TH
Bishop Verot HS batting - Pitching for Randall HS Raiders : RHP Ronald Baker
Batting: RHB Frank Rangel 0-0: Foul Ball, location: 2F
0-1: Called Strike
0-2: Strikes out looking
Batting: SHB Scott Warren 0-0: Called Strike
0-1: Ball
1-1: Foul Ball, location: 2F
1-2: Ball
2-2: Strikes out looking
Batting: RHB José Mejía 0-0: Called Strike
0-1: Ball
1-1: Foul Ball, location: 2F
1-2: Fly out, F9 (Flyball, 9LD)
Bottom of the 4th over - 0 runs, 0 hits, 0 errors, 0 left on base; Randall HS 0 - Bishop Verot HS 4
TOP OF THE 5TH
Randall HS Raiders batting - Pitching for Bishop Verot HS : RHP Mathieu Hallé
Batting: LHB Robert Wright 0-0: Foul Ball, location: 2F
0-1: Ball
1-1: Ground out 6-3 (Groundball, 6)
Batting: RHB Luis Sánchez 0-0: Ball
1-0: Ball
2-0: Called Strike
2-1: Swinging Strike
2-2: Foul Ball, location: 2F
2-2: Ball
3-2: Strikes out swinging
Batting: RHB Tony Burhoe 0-0: Called Strike
0-1: Ball
1-1: Called Strike
1-2: Ball
2-2: Fly out, F7 (Line Drive, 78D)
Top of the 5th over - 0 runs, 0 hits, 0 errors, 0 left on base; Randall HS 0 - Bishop Verot HS 4
BOTTOM OF THE 5TH
Bishop Verot HS batting - Pitching for Randall HS Raiders : RHP Ronald Baker
Batting: RHB Rafael Sánchez 0-0: Called Strike
0-1: Ball
1-1: Called Strike
1-2: Strikes out swinging
Batting: LHB Fred Peters 0-0: Ground out 6-3 (Groundball, 6M)
Batting: RHB Mike Harris 0-0: Called Strike
0-1: Ball
1-1: Foul Ball, location: 2F
1-2: Foul Ball, location: 2F
1-2: Foul Ball, location: 2F
1-2: Foul Ball, location: 2F
1-2: Foul Ball, location: 2F
1-2: Ball
2-2: SINGLE (Line Drive, 5D)
Batting: RHB Martin Davis 0-0: Called Strike
0-1: Ground out 6-3 (Groundball, 6S)
Bottom of the 5th over - 0 runs, 1 hit, 0 errors, 1 left on base; Randall HS 0 - Bishop Verot HS 4
TOP OF THE 6TH
Randall HS Raiders batting - Pitching for Bishop Verot HS : RHP Mathieu Hallé
Batting: LHB En-guo Wang 0-0: Ball
1-0: Foul Ball, location: 2F
1-1: Fly out, F6 (Popup, 6)
Batting: RHB John Zhu 0-0: Ball
1-0: Foul Ball, location: 2F
1-1: Ball
2-1: Called Strike
2-2: SINGLE (Flyball, 9LS)
Batting: RHB Michael Brown 0-0: Called Strike
0-1: Ball
1-1: Swinging Strike
1-2: Strikes out swinging
Pitching: RHP Jesse Mitchell
Batting: SHB Keith Ryan 0-0: Ball
1-0: Ball
2-0: Foul Ball, location: 2F
2-1: Foul Ball, location: 2F
2-2: Strikes out swinging
Top of the 6th over - 0 runs, 1 hit, 0 errors, 1 left on base; Randall HS 0 - Bishop Verot HS 4
BOTTOM OF THE 6TH
Bishop Verot HS batting - Pitching for Randall HS Raiders : RHP Ronald Baker
Pitching: LHP Bill Bond
Batting: LHB Mario Rodríguez 0-0: Swinging Strike
0-1: Fly out, F9 (Flyball, 9D)
Batting: RHB Jorge Franco 0-0: Foul Ball, location: 2F
0-1: Ball
1-1: Ball
2-1: Ground out 6-3 (Groundball, 6)
Batting: RHB Frank Rangel 0-0: Foul Ball, location: 2F
0-1: Ball
1-1: Ball
2-1: Ball
3-1: Called Strike
3-2: Base on Balls
Batting: SHB Scott Warren 0-0: Foul Ball, location: 2F
0-1: Foul Ball, location: 2F
0-2: Ball
1-2: Ground out 1-3 (Groundball, P)
Bottom of the 6th over - 0 runs, 0 hits, 0 errors, 1 left on base; Randall HS 0 - Bishop Verot HS 4
TOP OF THE 7TH
Randall HS Raiders batting - Pitching for Bishop Verot HS : RHP Jesse Mitchell
Batting: RHB Brody Sexton 0-0: Called Strike
0-1: Ball
1-1: Ball
2-1: Ball
3-1: Called Strike
3-2: Base on Balls
Batting: LHB Kade Clark 0-0: Swinging Strike
0-1: Ball
1-1: Ball
2-1: Foul Ball, location: 2F
2-2: Strikes out looking
Batting: LHB Robert Wright 0-0: Called Strike
0-1: Called Strike
0-2: Ball
1-2: Foul Ball, location: 2F
1-2: Ball
2-2: SINGLE (Groundball, 34D)
Brody Sexton to second
Runner from 2nd tries for 3rd, SAFE, no throw
Batting: RHB Luis Sánchez 0-0: Ball
1-0: Ball
2-0: Foul Ball, location: 2F
2-1: Ball
3-1: Called Strike
3-2: Foul Ball, location: 2F
3-2: Strikes out swinging
Batting: RHB Tony Burhoe 0-0: Ball
1-0: Foul Ball, location: 2F
1-1: Foul Ball, location: 2F
1-2: Foul Ball, location: 2F
1-2: Foul Ball, location: 2F
1-2: Ball
2-2: Ball
3-2: Foul Ball, location: 2F
3-2: Base on Balls
Robert Wright to second
Pitching: LHP Jon Hudson
Batting: LHB En-guo Wang 0-0: Called Strike
0-1: Ball
1-1: Ball
2-1: Foul Ball, location: 2F
2-2: Strikes out swinging
Top of the 7th over - 0 runs, 1 hit, 0 errors, 3 left on base; Randall HS 0 - Bishop Verot HS 4
BOTTOM OF THE 7TH
Bishop Verot HS batting - Pitching for Randall HS Raiders : LHP Bill Bond
Batting: RHB José Mejía 0-0: Called Strike
0-1: Ball
1-1: Ball
2-1: Foul Ball, location: 2F
2-2: Foul Ball, location: 2F
2-2: Ball
3-2: Foul Ball, location: 2F
3-2: Base on Balls
Batting: RHB Rafael Sánchez 0-0: Ball
1-0: Sac Bunt - play at first, batter OUT! 1-4
José Mejía to second
Batting: LHB Fred Peters 0-0: Called Strike
José Mejía steals 3rd base
0-1: Ball
1-1: SINGLE (Flyball, 8LS)
José Mejía scores
Batting: RHB Mike Harris 0-0: Ball
Wild Pitch!
Fred Peters to second
1-0: Ground out 5-3 (Groundball, 56S)
Fred Peters to third
Batting: RHB Martin Davis 0-0: 2-RUN HOME RUN (Flyball, 9LD), Distance : 337 ft
Batting: LHB Mario Rodríguez 0-0: Called Strike
0-1: Ball
1-1: Foul Ball, location: 2F
1-2: SINGLE (Groundball, 6MD)
Batting: RHB Jorge Franco 0-0: Foul Ball, location: 2F
0-1: Foul Ball, location: 2F
0-2: Ball
1-2: Foul Ball, location: 2F
1-2: Ball
2-2: Ball
3-2: Base on Balls
Mario Rodríguez to second
Pitching: RHP Branson Dadswell
Batting: RHB Frank Rangel 0-0: Ball
1-0: Ball
2-0: Called Strike
2-1: Foul Ball, location: 2F
2-2: Strikes out swinging
Bottom of the 7th over - 3 runs, 3 hits, 0 errors, 2 left on base; Randall HS 0 - Bishop Verot HS 7
TOP OF THE 8TH
Randall HS Raiders batting - Pitching for Bishop Verot HS : LHP Jon Hudson
Pitching: RHP Charlie Newell
Batting: RHB John Zhu 0-0: Called Strike
0-1: Swinging Strike
0-2: Ball
1-2: Ball
2-2: Strikes out looking
Batting: RHB Michael Brown 0-0: Foul Ball, location: 2F
0-1: Swinging Strike
0-2: Foul Ball, location: 2F
0-2: Fly out, F9 (Flyball, 9S)
Batting: SHB Keith Ryan 0-0: Called Strike
0-1: Fly out, F9 (Flyball, 9LSF)
Top of the 8th over - 0 runs, 0 hits, 0 errors, 0 left on base; Randall HS 0 - Bishop Verot HS 7
BOTTOM OF THE 8TH
Bishop Verot HS batting - Pitching for Randall HS Raiders : RHP Branson Dadswell
Batting: SHB Scott Warren 0-0: Swinging Strike
0-1: Called Strike
0-2: Foul Ball, location: 2F
0-2: SINGLE (Line Drive, 6MD)
Batting: RHB José Mejía 0-0: Called Strike
0-1: Called Strike
0-2: Ball
1-2: Ball
2-2: Ball
3-2: SINGLE (Groundball, 6) (infield hit)
Scott Warren to second
Batting: RHB Rafael Sánchez 0-0: Foul Ball, location: 2F
0-1: Foul Ball, location: 2F
0-2: Ball
1-2: Ground out 5-3 (Groundball, 56S)
Scott Warren to third
José Mejía to second
Batting: LHB Fred Peters 0-0: Called Strike
0-1: Swinging Strike
0-2: Ball
1-2: Strikes out swinging
Batting: RHB Mike Harris 0-0: Ball
1-0: Ball
2-0: Called Strike
2-1: DOUBLE (Line Drive, 8LD)
Scott Warren scores
José Mejía scores
Batting: RHB Martin Davis 0-0: Swinging Strike
0-1: 2-RUN HOME RUN (Flyball, 9LD), Distance : 346 ft
Pitching: RHP Don Ulrich
Batting: LHB Mario Rodríguez 0-0: Called Strike
0-1: Ball
1-1: Foul Ball, location: 2F
1-2: Foul Ball, location: 2F
1-2: Ball
2-2: Fly out, F8 (Flyball, 78XD)
Bottom of the 8th over - 4 runs, 4 hits, 0 errors, 0 left on base; Randall HS 0 - Bishop Verot HS 11
TOP OF THE 9TH
Randall HS Raiders batting - Pitching for Bishop Verot HS : RHP Charlie Newell
Batting: RHB Brody Sexton 0-0: Ball
1-0: Fly out, F9 (Flyball, 9LDF)
Batting: LHB Kade Clark 0-0: Called Strike
0-1: SINGLE (Line Drive, 7LM)
Batting: LHB Robert Wright 0-0: Ball
1-0: Called Strike
1-1: Ball
2-1: Ball
3-1: Base on Balls
Kade Clark to second
Batting: RHB Luis Sánchez 0-0: SINGLE (Flyball, 78M)
Kade Clark to third
Robert Wright to second
Batting: RHB Tony Burhoe 0-0: Fly out, F7 (Flyball, 78S)
Batting: LHB En-guo Wang 0-0: Called Strike
0-1: Ball
1-1: Ball
2-1: Foul Ball, location: 2F
2-2: Ball
3-2: Foul Ball, location: 2F
3-2: Foul Ball, location: 2F
3-2: Foul Ball, location: 2F
3-2: Base on Balls
Kade Clark scores
Robert Wright to third
Luis Sánchez to second
Batting: RHB John Zhu 0-0: Called Strike
0-1: Ball
1-1: Ball
2-1: Ball
3-1: Base on Balls
Robert Wright scores
Luis Sánchez to third
En-guo Wang to second
Batting: RHB Michael Brown 0-0: SINGLE (Groundball, 6MD)
Luis Sánchez scores
En-guo Wang to third
John Zhu to second
Batting: SHB Keith Ryan 0-0: Called Strike
0-1: Ball
1-1: Ground out 4-3 (Groundball, 4)
Top of the 9th over - 3 runs, 3 hits, 0 errors, 3 left on base; Randall HS 3 - Bishop Verot HS 11
Saturday, April 7th, 2018 - OOTP Baseball 18.8 Build 76